 Dungeon Crawl Stone Soup version 0.22-a0-348-gd16d139 (webtiles) character file.

99 Amnesiac the Cutter (level 4, -2/23 HPs)
             Began as a Vine Stalker Gladiator on Apr 9, 2018.
             Was an Initiate of Okawaru.
             Slain by an orc priest
             ... wielding a +0 hand axe
              (6 damage)
             ... on level 4 of the Dungeon.
             The game lasted 00:02:00 (1626 turns).

Amnesiac the Cutter (Vine Stalker Gladiator)        Turns: 1626, Time: 00:02:01

Health: -2/23      AC:  6    Str: 17    XL:     4   Next: 72%
Magic:  0/5        EV: 11    Int: 11    God:    Okawaru [......]
Gold:   147        SH:  4    Dex: 16    Spells: 3/3 levels left

rFire    . . .     SeeInvis .   a - +0 rapier
rCold    . . .     Gourm    .   l - +0 buckler
rNeg     . . .     Faith    .   k - +0 ring mail
rPois    .         Spirit   +   c - +0 helmet
rElec    .         Reflect  .   (no cloak)
rCorr    .         Harm     +   (no gloves)
MR       .....                  (no boots)
Stlth    +.........             u - amulet of harm
HPRegen  0.47/turn              j - +3 ring of intelligence (curse)
MPRegen  0.09/turn              (no ring)

@: no status effects
A: fangs 2, regeneration 1, magic shield, antimagic bite, no potion heal 3, rot
immunity
a: Renounce Religion


You were on level 4 of the Dungeon.
You worshipped Okawaru.
Okawaru was noncommittal.
You were hungry.

You visited 2 branches of the dungeon, and saw 4 of its levels.

You collected 147 gold pieces.

Inventory:

Hand Weapons
 a - a +0 rapier (weapon)
Missiles
 d - 3 throwing nets (quivered)
Armour
 c - a +0 helmet (worn)
 k - a +0 ring mail (worn)
 l - a +0 buckler (worn)
Jewellery
 j - a cursed +3 ring of intelligence (left hand)
 u - an amulet of harm (around neck)
Wands
 v - a wand of iceblast (10)
Scrolls
 b - a scroll of remove curse {!r, unknown}
 g - a scroll of immolation {!r, unknown}
 i - a scroll of blinking {!r, unknown}
 m - 3 scrolls of identify {!r, unknown}
 t - a scroll of magic mapping {!r, unknown}
Potions
 e - a potion of brilliance {!q, unknown}
 h - 4 potions of invisibility {!q, unknown}
 n - a potion of cancellation {!q, unknown}
 o - 2 potions of lignification {!q, unknown}
 p - a potion of curing {!q, unknown}
 q - 2 potions of haste {!q, unknown}
 r - a potion of ambrosia {!q, unknown}
Comestibles
 f - 2 rations


   Skills:
 - Level 1.7 Fighting
 * Level 4.5 Short Blades
 - Level 1.7 Throwing
 - Level 2.4 Dodging
 + Level 1.2 Shields


You had 3 spell levels left.
You didn't know any spells.

Dungeon Overview and Level Annotations

Branches:
Dungeon (4/15)             Temple (1/1) D:4

Altars:
Cheibriados
Elyvilon
Gozag
Nemelex Xobeh
Okawaru
Ru
Trog
Vehumet
Wu Jian
Xom
The Shining One


Innate Abilities, Weirdness & Mutations

You have extremely sharp teeth.
Your natural rate of healing is unusually fast.
When hurt, damage is shared between your health and your magic reserves.
Your bite disrupts and absorbs the magic of your enemies.
Potions cannot restore your health.
You are immune to rotting.


Message History

The orc priest moves out of view.
Found 12 gold pieces.
v - a wand of iceblast (10)
You swing at nothing.
You swing at nothing. 2 orcs and an orc wizard come into view.
The orc wizard shouts!
The orc shouts!
You closely miss the orc priest.
The orc priest hits you with a hand axe.
You hit the orc priest but do no damage.
You bite the orc priest. You drain its power.
You feel invigorated.
The orc priest is lightly wounded.
The orc priest barely misses you.
You hit the orc priest but do no damage.
The orc priest is lightly wounded.
You closely miss the orc priest.
You bite the orc priest, but do no damage.
The orc priest is lightly wounded.
The orc priest hits you with a hand axe.
You hit the orc priest but do no damage.
You bite the orc priest, but do no damage.
The orc priest is lightly wounded.
The orc priest hits you but does no damage.
The orc wizard hits you but does no damage.
You are feeling hungry.
You hit the orc priest.
The orc priest is moderately wounded.
The orc hits you but does no damage.
You hit the orc priest but do no damage.
The orc priest is moderately wounded.
You block the orc priest's attack. You block the orc wizard's attack.
You hit the orc priest but do no damage.
The orc priest is moderately wounded.
The orc priest looks encouraged for a moment.
The orc hits you but does no damage. The orc wizard closely misses you.
You hit the orc priest but do no damage.
The orc priest is moderately wounded.
The orc priest calls down the wrath of Beogh upon you.
Beogh smites you!
Ouch! That really hurt!
* * * LOW HITPOINT WARNING * * *
You block the orc's attack. The orc misses you.
The orc wizard casts a spell at you. The puff of frost hits you!
* * * LOW HITPOINT WARNING * * *
You closely miss the orc priest.
You bite the orc priest, but do no damage.
The orc priest is moderately wounded.
The orc priest begins to cast a cantrip, but forgets the words!
You block the orc's attack. The orc hits you.
* * * LOW HITPOINT WARNING * * *
The orc wizard closely misses you.
All of the chunks of flesh in your inventory have rotted away.
You hit the orc priest.
You bite the orc priest, but do no damage.
The orc priest is heavily wounded.
The orc priest barely misses you.
The orc hits you with an enchanted short sword.
The orc closely misses you.
The orc wizard hits you but does no damage.
You hit the orc priest but do no damage.
The orc priest is heavily wounded.
The orc priest hits you with a hand axe.
You die...

....... ..... .......
.... ..$.... ...#
#......#...#
...........# ##
...........# ###.
......ooo..# # ...##
#####o@### # ..
#..###...##...##.##
...##..#............$..
#........%............
######..............###.
##...................#
$...................##
.#.................##
............<....###


You could see an orc priest, an orc wizard and 2 orcs.

Vanquished Creatures
  3 adders
  A worm (D:2)
  A dart slug (D:1)
  2 leopard geckos
  3 ball pythons
  6 bats
  2 giant cockroaches
  8 goblins
  8 hobgoblins
  3 jackals (D:2)
  11 kobolds
  12 frilled lizards (D:1)
  7 rats
67 creatures vanquished.

Notes
Turn   | Place    | Note
-------+----------+-------------------------------------------
     0 | D:1      | Amnesiac the Vine Stalker Gladiator began the quest for the Orb.
     0 | D:1      | Reached XP level 1. HP: 11/11 MP: 2/2
    38 | D:1      | Reached skill level 3 in Short Blades
    99 | D:1      | Reached XP level 2. HP: 15/15 MP: 3/3
   436 | D:1      | Reached XP level 3. HP: 18/18 MP: 4/4
   555 | D:1      | Reached skill level 4 in Short Blades
   877 | D:2      | Found a shimmering altar of Xom.
   999 | D:2      | Gained mutation: Your natural rate of healing is unusually fast. [Vine Stalker growth]
   999 | D:2      | Reached XP level 4. HP: 23/23 MP: 5/5
  1023 | D:2      | Reached skill level 1 in Shields
  1477 | D:2      | You fall through a shaft for 2 floors!
  1479 | D:4      | Found a staircase to the Ecumenical Temple.
  1493 | Temple   | Entered the Ecumenical Temple
  1538 | Temple   | Became a worshipper of Warmaster Okawaru
  1626 | D:4      | Slain by an orc priest

Vault maps used:
D:1:      scummos_arrival_simple_crosswalls, minmay_lizard_king
D:2:      cheibrodos_greedy_goblins, lemuel_doored_altar
D:4:      marbit_many_paths, minmay_temple_entry_overgrown
Temple:   cyrus_temple_forest

Skill      XL: |  1  2  3  4 |
---------------+-------------+-----
Short Blades   | 3 4 |  4.5
Shields        | 1 |  1.2
Fighting       | |  1.7
Throwing       | |  1.7
Dodging        | |  2.4

Action                   |  1- 3 |  4- 6 || total
-------------------------+-------+-------++-------
Melee: Rapier            |   122 |    59 ||   181
       Bite              |    27 |    17 ||    44
 Stab: Sleeping          |     2 |       ||     2
  Eat: Chunk             |       |     2 ||     2
Armor: Leather armour    |    13 |       ||    13
       Ring mail         |    33 |    14 ||    47
Dodge: Dodged            |    69 |    26 ||    95
Block: Buckler           |     2 |    11 ||    13

Table legend:
 A = Spawn XP
 B = Non-spawn XP
 C = Spawn XP percentage of total XP
 D = Spawn monster count
 E = Non-spawn monster count
 F = Spawn count percentage of total count
 G = Total turns spent on level
                    A         B        C        D         E        F      G
               +---------+---------+-------+---------+---------+-------+---------
         Total |       0 |     142 |   0.0 |       0 |      67 |   0.0 |  1626
               +---------+---------+-------+---------+---------+-------+---------
           D:1 |       0 |      56 |   0.0 |       0 |      40 |   0.0 |   867
           D:2 |       0 |      73 |   0.0 |       0 |      26 |   0.0 |   610
           D:4 |       0 |      13 |   0.0 |       0 |       1 |   0.0 |    62
               +---------+---------+-------+---------+---------+-------+---------
